cohdb
Replays
Latest Replays
All Replays
Popular Replays
Top Player Replays
Match Explorer
How It Works
Community
CoH3 Stats
Reddit
Sign in to upload your games and track your stats! →
Sign in with Steam
Match 47196521
Unlisted
Match 47196521
Overview
Messages
Build Orders
End
Kettenkrad Recon Vehicle
Construct Infanterie Kompanie
MG 42 Machine Gun Team
Selects Terror Battlegroup
Selects Machine Gun Camouflage
Grenadier Squad
Grenadier Squad
Pioneer Squad
Construct Panzergrenadier Kompanie
251 Medium Carrier
Panzergrenadier Squad
Selects Interrogate
Pak 40 Anti-tank Gun Team
[PD]Folscher
[PD]Lurgi
Apache
MILFHunterTTV_
Arnie
Maniax
Made in Germany
leto
0
0
Comments
sign in to comment!
No comments posted yet!